 Dungeon Crawl Stone Soup version 0.26-a0-966-gd078a86f14 (webtiles) character file.

Game seed: 6872995333004229895

1757 stormannnn the Covert (level 8, -20/31 HPs)
             Began as a Felid Conjurer on Dec 3, 2020.
             Was an Elder of Vehumet.
             Demolished by an ettin (30 damage)
             ... on level 1 of the Orcish Mines on Dec 5, 2020.
             The game lasted 01:27:51 (17249 turns).

stormannnn the Covert (Felid Conjurer)             Turns: 17249, Time: 01:27:52

Health: -20/31     AC:  2    Str:  3    XL:     8   Next: 79%
Magic:  3/30       EV: 24    Int: 24    God:    Vehumet [****..]
Gold:   739        SH:  0    Dex: 14    Spells: 1/24 levels left
                                        Lives:  0   Deaths: 3

rFire    . . .     SeeInvis +   (weapon unavailable)
rCold    . . .     Faith    .   (shield unavailable)
rNeg     . . .     Spirit   .   (armour unavailable)
rPois    .         Reflect  .   (helmet unavailable)
rElec    .         Harm     .   (cloak unavailable)
rCorr    +         Rampage  .   (gloves unavailable)
MR       +....                  (boots unavailable)
Stlth    +++++.....             t - amulet of the acrobat
HPRegen  0.10/turn              I - ring of resist corrosion
MPRegen  0.22/turn              G - ring of magical power

@: quick
A: very small, no armour, no weapons or thrown items, stealth, claws 1, fangs 3,
see invisible, speed 1, shaggy fur 2, sharp paws
a: Renounce Religion


You were on level 1 of the Orcish Mines.
You worshipped Vehumet.
Vehumet was greatly pleased with you.
You visited 2 branches of the dungeon, and saw 12 of its levels.

You collected 739 gold pieces.

Inventory:

Jewellery
 c - an uncursed amulet of regeneration
 g - an uncursed ring of positive energy
 i - an uncursed ring of poison resistance
 t - an amulet of the acrobat (around neck)
 u - an uncursed ring of protection from fire
 z - an uncursed ring of wizardry {unknown}
 E - an uncursed ring of ice
 G - a ring of magical power (right paw)
 I - a ring of resist corrosion (left paw)
Wands
 l - a wand of iceblast (3)
 r - a wand of digging (8)
 x - a wand of flame (19)
 y - a wand of paralysis (15)
 B - a wand of polymorph (13)
Scrolls
 f - 3 scrolls of immolation
 h - 6 scrolls of remove curse
 o - 2 scrolls of fear
 s - 2 scrolls of fog
 v - a scroll of amnesia
 A - 2 scrolls of teleportation
Potions
 a - a potion of cancellation {unknown}
 b - 2 potions of lignification
 d - 2 potions of curing
 e - a potion of attraction
 j - 5 potions of flight
 k - 3 potions of might
 m - a potion of ambrosia
 n - a potion of resistance {unknown}
 p - a potion of invisibility {unknown}
 q - 3 potions of haste
 D - a potion of magic {unknown}
Miscellaneous
 w - a phantom mirror (inert)


   Skills:
 + Level 9.4 Dodging
 + Level 10.1 Stealth
 * Level 8.6 Spellcasting
 + Level 5.5 Conjurations
 - Level 6.0 Hexes
 - Level 2.0 Fire Magic
 - Level 2.0 Ice Magic
 + Level 6.7 Evocations


You had one spell level left.
You knew the following spells:

 Your Spells              Type           Power        Failure   Level
a - Magic Dart            Conj           ####         1%          1
b - Searing Ray           Conj           #####.       1%          2
c - Dazzling Flash        Conj/Hex       #####.       1%          3
d - Ensorcelled Hibernat  Hex/Ice        ####..       1%          2
e - Tukima's Dance        Hex            #####...     1%          3
f - Foxfire               Conj/Fire      ####         1%          1
g - Fulminant Prism       Conj/Hex       #####.....   1%          4
h - Mephitic Cloud        Conj/Pois/Air  ###.....     2%          3
i - Iskenderun's Mystic   Conj/Tloc      ###.....     5%          4

Your spell library contained the following spells:

 Spells                   Type           Power        Failure   Level
 Irradiate                Conj/Tmut      ###.......   16%         5
 Corona                   Hex            #####..      1%          1
 Confusing Touch          Hex            #####...     1%          3
 Yara's Violent Unravell  Hex/Tmut       ###.......   13%         5
 Gell's Gravitas          Tloc           ##........   19%         3
 Metabolic Englaciation   Hex/Ice        ####......   32%         5
 Petrify                  Tmut/Erth      ##......     52%         4


Dungeon Overview and Level Annotations

Branches:
Dungeon (11/15)            Temple (0/1) D:6            Lair (0/6) D:11
    Orc (1/2) D:9

Altars:
Ashenzari
Cheibriados
Dithmenos
Elyvilon
Fedhas
Kikubaaqudgha
Makhleb
Nemelex Xobeh
Qazlal
Ru
Sif Muna
Uskayaw
Vehumet
Xom
Yredelemnul
Zin
The Shining One

Shops:
Orc:1 (

Annotations:
D:8 exclusion: downstairs
D:9 1 exclusion, Maggie
D:11 exclusion: 2 oklob plants


Innate Abilities, Weirdness & Mutations

You cannot wear armour.
You are incapable of wielding weapons or throwing items.
Your paws allow you to move quietly. (Stealth)
You have sharp claws.
You have razor-sharp teeth.
You have supernaturally acute eyesight. (SInv)
You cover ground quickly.
You are covered in thick fur. (AC +2)
Your sharp claws are effective at attacking unaware monsters.


Message History

Aiming: Iceblast
Press: ? - help, Shift-Dir - straight line, f/p - ettin
Aim: an ettin (severely wounded)
The mass of ice explodes!
The iceblast engulfs the ettin!
The ettin is severely wounded.
You hear a shout! x10
Evoke which item? (* to show all) (? for menu, Esc to quit)
Aiming: Iceblast
Press: ? - help, Shift-Dir - straight line, p - ettin
Okay, then.
Evoke which item? (* to show all) (? for menu, Esc to quit)
Aiming: Iceblast
Press: ? - help, Shift-Dir - straight line, f/p - ettin
Aim: an ettin (severely wounded)
The mass of ice explodes!
The iceblast engulfs the ettin!
The ettin is almost dead.
You hear a shout! x3
The ettin hits you!!
Ouch! That really hurt!
You die...

##.................∩#
##..)............#...#
##...)................#
#........(...o.......$.
##....O...##.#.........
#.......###..†o.......
#....#.###$...........
.....#....##.##........
.....##.......@C........
#....#
$..#.............. ##.##
##.###.##.###$###.# ##
## ### ## #


You could see an ettin.

Vanquished Creatures
  Psyche (D:8)
  A troll (D:11)
  A shadow (D:11)
  A wraith (D:10)
  2 steam dragons (D:10)
  A wyvern (D:10)
  2 vampire mosquitoes (D:9)
  4 dancing weapons
  A water moccasin (D:7)
  4 orc warriors
  An eye of draining (D:9)
  An ice beast (D:10)
  2 black bears
  2 necrophages (D:7)
  4 phantoms
  4 ogres
  6 centaurs
  3 bullfrogs
  3 killer bees
  6 scorpions
  5 wights
  4 howler monkeys (D:8)
  A centaur zombie (D:8)
  A quasit (D:8)
  4 jellies
  4 hounds
  5 orc priests
  2 bullfrog skeletons
  Ijyb (D:3)
  15 orc wizards
  6 worker ants
  A statue (D:5)
  2 hound skeletons
  7 gnolls
  21 adders
  2 shadow imps
  4 white imps
  3 ufetubi
  An ooze (D:6)
  An adder zombie (D:7)
  2 adder skeletons
  3 dart slugs
  6 leopard geckos
  27 orcs
  3 ball pythons
  6 bats
  9 giant cockroaches
  15 goblins
  7 hobgoblins
  19 jackals
  2 quokkas
  5 frilled lizards
  A jackal zombie (D:7)
  10 kobolds
  A quokka zombie (D:6)
  11 rats
  2 fulminant prisms (D:11)
269 creatures vanquished.

Vanquished Creatures (collateral kills)
  An orc warrior (D:10)
  3 ogres
  3 wights
  3 orcs (Orc:1)
10 creatures vanquished.

Vanquished Creatures (others)
  12 dancing weapons
  198 foxfires
  6 fulminant prisms
  14 fungi (D:10)
  A plant (D:7)
231 creatures vanquished.

Grand Total: 510 creatures vanquished

Notes
Turn   | Place    | Note
-------+----------+-------------------------------------------
     0 | D:1      | stormannnn the Felid Conjurer began the quest for the Orb.
     0 | D:1      | Reached XP level 1. HP: 7/7 MP: 4/4
   105 | D:1      | Reached skill level 3 in Stealth
   192 | D:1      | Reached XP level 2. HP: 10/11 MP: 1/6
  1058 | D:1      | Reached XP level 3. HP: 14/14 MP: 5/7
  1425 | D:2      | Learned a level 2 spell: Searing Ray
  1609 | D:2      | Reached skill level 4 in Stealth
  1915 | D:2      | Found a snail-covered altar of Cheibriados.
  2169 | D:2      | Found a faded altar of an unknown god.
  2199 | D:2      | Reached XP level 4. HP: 17/18 MP: 3/8
  2290 | D:2      | Found a shadowy altar of Dithmenos.
  2401 | D:2      | Found a glowing silver altar of Zin.
  2509 | D:2      | Found a sparkling altar of Nemelex Xobeh.
  2544 | D:2      | Found a white marble altar of Elyvilon.
  3319 | D:3      | Reached XP level 5. HP: 21/21 MP: 3/9
  3761 | D:3      | Reached skill level 5 in Stealth
  3789 | D:3      | Learned a level 3 spell: Dazzling Flash
  3792 | D:3      | Learned a level 2 spell: Ensorcelled Hibernation
  3870 | D:3      | Noticed Ijyb
  3881 | D:3      | Killed Ijyb
  3882 | D:3      | Reached skill level 1 in Evocations
  4061 | D:4      | Reached skill level 1 in Hexes
  4086 | D:4      | Noticed a centaur
  4108 | D:4      | Slain by an orc
  4109 | D:4      | Reached XP level 4. HP: -1/18 MP: 1/9
  4198 | D:4      | Reached skill level 5 in Dodging
  4198 | D:4      | Reached XP level 5. HP: 21/21 MP: 4/10
  4395 | D:4      | Reached skill level 1 in Ice Magic
  4471 | D:4      | Gained mutation: You are covered in thick fur. (AC +2)
                  | [Felid growth]
  4471 | D:4      | Reached XP level 6. HP: 18/24 MP: 2/12
  4935 | D:4      | Found a broken altar of Ashenzari.
  5322 | D:5      | Entered Level 5 of the Dungeon
  5440 | D:5      | Found a sacrificial altar of Ru.
  6071 | D:5      | Found a radiant altar of Vehumet.
  6078 | D:5      | Reached XP level 7. HP: 12/27 MP: 6/13
  6242 | D:5      | Became a worshipper of Vehumet
  6451 | D:5      | Reached skill level 6 in Stealth
  6549 | D:6      | Found an ancient bone altar of Kikubaaqudgha.
  6608 | D:6      | Learned a level 3 spell: Tukima's Dance
  6870 | D:6      | Found a glowing golden altar of the Shining One.
  6893 | D:6      | Noticed an angel
  6902 | D:6      | Found a basalt altar of Yredelemnul.
  7052 | D:6      | Found a staircase to the Ecumenical Temple.
  8778 | D:7      | Found a burning altar of Makhleb.
  9041 | D:7      | Found a hide-covered altar of Uskayaw.
  9052 | D:7      | Reached skill level 5 in Spellcasting
  9052 | D:7      | Reached XP level 8. HP: 19/31 MP: 4/16
  9235 | D:7      | Found a blossoming altar of Fedhas.
  9294 | D:7      | Reached * piety under Vehumet
  9294 | D:7      | Offered knowledge of Freeze by Vehumet.
  9408 | D:7      | Reached skill level 7 in Stealth
 10953 | D:8      | Found a stormy altar of Qazlal.
 10955 | D:8      | Found a burning altar of Makhleb.
 10955 | D:8      | Found a shimmering altar of Xom.
 10957 | D:8      | Found a shimmering altar of Xom.
 10957 | D:8      | Found a burning altar of Makhleb.
 10957 | D:8      | Found a shimmering altar of Xom.
 10974 | D:8      | Noticed Psyche
 10979 | D:8      | Killed Psyche
 10980 | D:8      | Reached skill level 8 in Stealth
 11004 | D:8      | Reached XP level 9. HP: 26/34 MP: 10/19
 11843 | D:8      | Reached skill level 5 in Evocations
 12007 | D:8      | Offered knowledge of Foxfire by Vehumet.
 12016 | D:8      | Learned a level 1 spell: Foxfire
 12021 | D:8      | Learned a level 4 spell: Fulminant Prism
 12176 | D:9      | Noticed Maggie
 12188 | D:9      | Found a staircase to the Orcish Mines.
 12224 | D:9      | Reached ** piety under Vehumet
 12659 | D:9      | Found a shadowy altar of Dithmenos.
 12713 | D:9      | Reached skill level 1 in Fire Magic
 12905 | D:9      | HP: 1/34 [vampire mosquito (11)]
 13150 | D:9      | Reached skill level 9 in Stealth
 13150 | D:9      | Reached skill level 5 in Hexes
 13388 | D:9      | Offered knowledge of Ignite Poison by Vehumet.
 13584 | D:9      | Found a shimmering blue altar of Sif Muna.
 13672 | D:9      | Got a faintly glowing trident
 13673 | D:9      | Identified the +2 trident "Daenexyu" {venom, rPois rC+ MR+
                  | Dex+2} (You found it on level 9 of the Dungeon)
 14025 | D:10     | Entered Level 10 of the Dungeon
 14270 | D:10     | Reached XP level 10. HP: 37/37 MP: 22/22
 14315 | D:10     | Reached *** piety under Vehumet
 15403 | D:10     | Reached skill level 5 in Conjurations
 15609 | D:10     | Offered knowledge of Mephitic Cloud by Vehumet.
 15614 | D:10     | Learned a level 3 spell: Mephitic Cloud
 15702 | D:10     | Learned a level 4 spell: Iskenderun's Mystic Blast
 16082 | D:11     | Noticed an oklob plant
 16093 | D:11     | Found a staircase to the Lair.
 16095 | D:11     | Noticed an oklob plant
 16491 | D:11     | Reached **** piety under Vehumet
 16492 | D:11     | Reached skill level 10 in Stealth
 16682 | D:11     | Noticed a boulder beetle
 16699 | D:11     | Annihilated by a boulder beetle
 16700 | D:11     | Reached XP level 9. HP: -25/34 MP: 24/31
 17048 | D:11     | Noticed a manticore
 17084 | D:11     | Noticed a troll
 17196 | Orc:1    | Entered Level 1 of the Orcish Mines
 17205 | Orc:1    | Mangled by an orc warrior
 17206 | Orc:1    | Reached XP level 8. HP: -12/31 MP: 14/30
 17207 | Orc:1    | Noticed an ettin
 17239 | Orc:1    | Found Jokostapt's Antique Weapon Shop.
 17242 | Orc:1    | Offered knowledge of Irradiate by Vehumet.
 17249 | Orc:1    | Demolished by an ettin

Illustrated notes

Levels and vault maps discovered:
D:1:      dpeg_arrival_fog, layout_loops_cross, minmay_misc_feat_enclosed,
          kennysheep_boxes
D:2:      layout_loops_corners, zin_statuary, nicolae_overflow_hidden_temple,
          marbit_many_paths, chequers_ecumenical_altar_island,
          minmay_hexomino_r4
D:3:      layout_basic, minmay_misc_feat_hallway, uniq_ijyb
D:4:      layout_basic, kennysheep_mini
D:5:      layout_rooms, vehumet_statue, nicolae_ru_great_annihilating_truth,
          dk_noncrumbling_4, corexii_item_surrounded_by_moat
D:6:      layout_basic, grunt_temple_overflow_holy_war, kiku_gazebo_pond_becter,
          minmay_temple_entry_nine_rooms
D:7:      layout_cave_pods, eat_drink_and_be_merry_uskayaw,
          makhleb_blood_cavern_becter, fedhas_ov_isle_minmay
D:8:      layout_loops_ring, doesnt_xom_only_xom, uniq_psyche
D:9:      layout_roguey, lemuel_crystal_altar, orc_0_dummy, basic_altar,
          grunt_potential, uniq_maggie
D:10:     kennysheep_steamy, layout_irregular_city, enter_bailey_3
D:11:     layout_irregular_city, dpeg_oklobed_lair
Orc:1:    layout_caves, serial_shops, shop, david_defended_altar_orc

Skill      XL: |  1  2  3  4  5  6  7  8  9 10 |
---------------+-------------------------------+-----
Stealth        | 3 4 5 6 8 9 10 | 10.1
Dodging        | 3 4 5 6 7 8 9 |  9.4
Conjurations   | 4 5 |  5.5
Evocations     | 1 2 3 4 5 6 |  6.7
Spellcasting   | 3 5 6 7 8 |  8.6
Hexes          | 2 3 4 5 6 |  6.0
Ice Magic      | 1 2 |  2.0
Fire Magic     | 1 2 |  2.0

Action                   |  1- 3 |  4- 6 |  7- 9 | 10-12 || total
-------------------------+-------+-------+-------+-------++-------
Melee: Unarmed           |    31 |    65 |    92 |     7 ||   195
       Bite              |       |     3 |     6 |     1 ||    10
 Cast: Magic Dart        |    83 |    99 |   205 |    56 ||   443
       Searing Ray       |     1 |    24 |    56 |    18 ||    99
       Ensorcelled Hiber |       |     3 |    11 |       ||    14
       Tukima's Dance    |       |       |    34 |     9 ||    43
       Dazzling Flash    |       |       |     6 |     1 ||     7
       Foxfire           |       |       |    58 |    63 ||   121
       Mephitic Cloud    |       |       |     3 |     1 ||     4
       Fulminant Prism   |       |       |     3 |     5 ||     8
       Iskenderun's Myst |       |       |     1 |     1 ||     2
Evoke: Wand              |       |       |    10 |     4 ||    14
       Phantom mirror    |       |       |     1 |       ||     1
  Use: Scroll            |     1 |     2 |    15 |     1 ||    19
       Potion            |       |     1 |     4 |     2 ||     7
 Stab: Sleeping          |     4 |    15 |    12 |       ||    31
       Invisible         |       |     1 |       |       ||     1
       Distracted        |       |       |       |     1 ||     1
Armor: Skin              |     2 |     1 |    15 |     2 ||    20
Dodge: Dodged            |    44 |    89 |   243 |    83 ||   459

Table legend: (Time is in decaauts)
 A = Elapsed time spent in this place.
 B = Non-inter-level travel time spent in this place.
 C = Inter-level travel time spent in this place.
 D = Time resting spent in this place.
 E = Time spent auto-exploring this place.
 F = Levels seen in this place.
 G = Mean time per level.
                   A        B        C        D        E       F      G
               +--------+--------+--------+--------+--------+-----+--------+
         Total |  15740 |  15261 |    479 |   7259 |   4705 |  12 | 1311.7 |
       Dungeon |  15692 |  15213 |    479 |   7259 |   4705 |  11 | 1426.5 |
  Orcish Mines |     47 |     47 |      0 |      0 |      0 |   1 |   47.0 |
               +--------+--------+--------+--------+--------+-----+--------+

Top non-repeatable levels by time:
     D:7: 2447 daAuts
     D:9: 2012 daAuts
     D:6: 1521 daAuts
    D:10: 1520 daAuts
     D:2: 1363 daAuts
     D:8: 1301 daAuts
     D:1: 1271 daAuts
     D:3: 1165 daAuts
     D:5: 1110 daAuts
     D:4: 1015 daAuts
    D:11: 963 daAuts
   Orc:1: 47 daAuts
